 Dungeon Crawl Stone Soup version 0.29-a0-88-g03a7b78be7 (webtiles) character file.

Game seed: 4508024517614105608

180 Cecur the Ducker (level 5, 0/33 HPs)
             Began as an Octopode Wanderer on Feb 5, 2022.
             Slain by an orc wizard (2 damage)
             ... on level 3 of the Dungeon.
             The game lasted 00:05:42 (3009 turns).

Cecur the Ducker (Octopode Wanderer)                Turns: 3009, Time: 00:05:43

Health: 0/33       AC:  1    Str: 13    XL:     5   Next: 60%
Magic:  4/6        EV: 14    Int: 15    God:
Gold:   81         SH:  0    Dex: 11    Spells: 5/6 levels left

rFire   . . .      SeeInvis .   a - +2 short sword
rCold   + . .      Faith    .   (no shield)
rNeg    . . .      Spirit   .   b - +0 hat
rPois   .          Reflect  +   f - amulet of reflection
rElec   .          Harm     .   i - ring of protection from cold
rCorr   .          Rampage  .   (no ring)
Will    .....                   (no ring)
Stlth   ++........              (no ring)
HPRegen 0.11/turn               (no ring)
MPRegen 0.10/turn               (no ring)
                                (no ring)
                                (no ring)

@: confused
A: almost no armour, amphibious, 8 rings, camouflage 1, gelatinous body 1,
(nimble swimmer 1), tentacles
a: no special abilities


You were on level 3 of the Dungeon.
You visited 1 branch of the dungeon, and saw 3 of its levels.

You collected 81 gold pieces.

Inventory:

Hand Weapons
 a - a +2 short sword (weapon)
Armour
 b - a +0 hat (worn)
Jewellery
 f - an amulet of reflection (around mantle)
 i - a ring of protection from cold (left tentacle)
Scrolls
 c - 5 scrolls of identify {unknown}
 g - a scroll of vulnerability {unknown}
 k - a scroll of teleportation {unknown}
Potions
 d - a potion of haste {unknown}
 e - 2 potions of brilliance {unknown}
 h - a potion of lignification {unknown}
 j - a potion of might {unknown}


   Skills:
 + Level 1.0 Fighting
 + Level 3.3 Short Blades
 + Level 5.0 Dodging
 + Level 3.9 Stealth
 + Level 0.6 Shields
 + Level 1.1 Spellcasting
 + Level 1.0 Summonings
 + Level 1.1 Evocations


You had 5 spell levels left.
You knew the following spells:

 Your Spells              Type           Power      Damage    Failure   Level
a - Summon Small Mammal   Summ           12%        N/A       16%         1

Your spell library contained the following spells:

 Spells                   Type           Power      Damage    Failure   Level
 Animate Skeleton         Necr           0%         N/A       24%         1
 Pain                     Necr           0%         1d4       24%         1
 Blink                    Tloc           0%         N/A       36%         2
 Call Canine Familiar     Summ           3%         N/A       43%         3
 Gell's Gravitas          Tloc           0%         N/A       58%         3
 Lesser Beckoning         Tloc           0%         N/A       58%         3
 Teleport Other           Tloc           0%         N/A       58%         3
 Vampiric Draining        Necr           0%         2d6       58%         3
 Manifold Assault         Tloc           0%         N/A       100%        5
 Storm Form               Tmut/Air       0%         N/A       100%        7


Dungeon Overview and Level Annotations

Branches:
Dungeon (3/15)

Altars:


Innate Abilities, Weirdness & Mutations

You cannot wear most types of armour.
You are amphibious.
You can wear up to eight rings at the same time.
Your skin changes colour to match your surroundings (Stealth+).
Your rubbery body absorbs attacks. (AC +1, EV +1)
((You are camouflaged when in or above water. (Stealth+)))
You have tentacles for arms and can constrict up to eight enemies at once.


Message History

Are you sure you want to stumble around while confused and next to your bat?
Uppercase [Y]es or [N]o only, please.
Are you sure you want to stumble around while confused and next to your bat?
You're too confused to move!
Something barely misses you.
Are you sure you want to stumble around while confused and next to your bat?
You miss something. You squeeze something. Something hits you.
A dart slug comes into view.
Your magical contamination has completely faded away.
Are you sure you want to stumble around while confused and next to your bat? [Y]es or [N]o only, please.
Are you sure you want to stumble around while confused and next to your bat?
You closely miss something. Your squeeze misses something. Something hits you.
Are you sure you want to stumble around while confused and next to your bat?
You hit something. Something barely misses you.
A giant cockroach comes into view.
Are you sure you want to stumble around while confused and next to your bat?
You hit your bat.
Your bat is moderately wounded.
Your bat disappears in a puff of smoke!
Something hits you.
You bump into the rock wall.
You hear some strange, mumbled words.
You are more confused.
You bump into the rock wall.
You hear some strange, mumbled words.
You are more confused.
There are monsters nearby!
You bump into the rock wall.
Something closely misses you.
You're too confused to move!
Something hits you.
You bump into the rock wall.
Something hits you.
You bump into the rock wall.
Something hits you.
You bump into the rock wall.
Something hits you.
You barely miss something. Your squeeze misses something. Something hits you.
You bump into the rock wall.
You hear some strange, mumbled words.
A puff of flame appears from out of thin air!
The puff of flame hits you!
* * * LOW HITPOINT WARNING * * *
You bump into the rock wall.
Something hits you.
You die...

.......# #........#
....<..# #.##.#####
.......# #....#
.......###..###
...........##
.....#....##
#########..##### #
##..[..######## ...
#####..@{oorg##...>#
########{o...#
.....$o........
......o..$.##..
.......g...#
......>....#
.......o....
.........####
.........#


You could see a gnoll, 3 orcs and a rat.

Vanquished Creatures
  Natasha (twice) (D:2)
  Robin (D:2)
  3 gnolls (D:2)
  2 adders
  A worm (D:2)
  A dart slug (D:1)
  2 orcs (D:3)
  6 ball pythons
  6 bats
  4 endoplasms
  3 giant cockroaches
  8 goblins
  4 hobgoblins (D:1)
  4 jackals (D:2)
  7 kobolds
  2 quokkas (D:1)
  2 frilled lizards
  8 rats
66 creatures vanquished.

Vanquished Creatures (collateral kills)
  A goblin (D:2)
1 creature vanquished.

Vanquished Creatures (others)
  3 plants (D:3)
3 creatures vanquished.

Grand Total: 70 creatures vanquished

Notes
Turn   | Place    | Note
-------+----------+-------------------------------------------
     0 | D:1      | Cecur the Octopode Wanderer began the quest for the Orb.
     0 | D:1      | Cecur set off with the following items: a +2 short sword, a
                  | +0 hat; and the following spell memorised: Summon Small
                  | Mammal; and the following spells available to memorise:
                  | Call Canine Familiar
     0 | D:1      | Reached XP level 1. HP: 11/11 MP: 2/2
   251 | D:1      | Reached XP level 2. HP: 17/17 MP: 3/3
  1092 | D:1      | Reached XP level 3. HP: 21/21 MP: 4/4
  1682 | D:2      | Reached XP level 4. HP: 10/27 MP: 5/5
  1751 | D:2      | Reached skill level 5 in Dodging
  2100 | D:2      | Noticed Natasha
  2108 | D:2      | Killed Natasha
  2188 | D:2      | Noticed Natasha
  2199 | D:2      | Killed Natasha
  2200 | D:2      | Reached XP level 5. HP: 27/32 MP: 6/6
  2395 | D:2      | Identified the +3 helmet "Ricus" {rF++}
  2395 | D:2      | Noticed Robin
  2405 | D:2      | Killed Robin
  2993 | D:3      | Reached skill level 1 in Fighting
  3009 | D:3      | Slain by an orc wizard

Illustrated notes

Levels and vault maps discovered:
D:1:      wander_arrival_peaceful_grave, layout_basic
D:2:      layout_loops_ring, uniq_natasha, uniq_robin
D:3:      layout_rooms, mainiacjoe_overflow_boulevard, lemuel_doored_altar,
          kennysheep_vampire_church, serial_shops, shop

Skill      XL: |  1  2  3  4  5 |
---------------+----------------+-----
Stealth        | 2 3 |  3.9
Dodging        | 5 |  5.0
Short Blades   | 3 |  3.3
Fighting       | 1 |  1.0
Shields        | |  0.6
Spellcasting   | |  1.1
Summonings     | |  1.0
Evocations     | |  1.1

Action                   |  1- 3 |  4- 6 || total
-------------------------+-------+-------++-------
Melee: Short sword       |    64 |    69 ||   133
       Constrict         |    19 |    14 ||    33
       Tentacles         |    14 |    11 ||    25
       Punch             |     2 |     1 ||     3
 Cast: Summon Small Mamm |       |     6 ||     6
 Stab: Sleeping          |    12 |     8 ||    20
Armor: Skin              |     2 |     3 ||     5
Dodge: Dodged            |    27 |    43 ||    70
Block: Other             |       |    20 ||    20

Table legend: (Time is in decaauts)
 A = Elapsed time spent in this place.
 B = Non-inter-level travel time spent in this place.
 C = Inter-level travel time spent in this place.
 D = Time resting spent in this place.
 E = Time spent auto-exploring this place.
 F = Levels seen in this place.
 G = Mean time per level.
                   A        B        C        D        E       F      G
               +--------+--------+--------+--------+--------+-----+--------+
         Total |   3004 |   3004 |      0 |    207 |   2233 |   3 | 1001.3 |
       Dungeon |   3004 |   3004 |      0 |    207 |   2233 |   3 | 1001.3 |
               +--------+--------+--------+--------+--------+-----+--------+

Top non-repeatable levels by time:
     D:1: 1519 daAuts
     D:2: 1227 daAuts
     D:3: 257 daAuts
